 Dungeon Crawl Stone Soup version 0.29.1-1-gd02db6906a (webtiles) character file.

Game seed: 1705304480032921409

46 Icepheonix32 the Caller (level 3, -3/24 HPs)
             Began as a Merfolk Summoner on Oct 7, 2022.
             Killed from afar by Robin (10 damage)
             ... with a puff of flame
             ... on level 2 of the Dungeon.
             The game lasted 00:03:05 (1665 turns).

Icepheonix32 the Caller (Merfolk Summoner)          Turns: 1665, Time: 00:03:05

Health: -3/24      AC:  3    Str:  8    XL:     3   Next: 66%
Magic:  6/6        EV: 12    Int: 16    God:
Gold:   46         SH:  5    Dex: 14    Spells: 0/6 levels left

rFire   . . .      SeeInvis .   i - +4 dagger (holy)
rCold   . . .      Faith    .   (no shield)
rNeg    . . .      Spirit   .   a - +0 robe
rPois   .          Reflect  +   (no helmet)
rElec   .          Harm     .   k - +0 cloak
rCorr   .          Rampage  .   (no gloves)
Will    .....                   (no boots)
Stlth   ++........              e - amulet of reflection
HPRegen 0.08/turn               (no ring)
MPRegen 0.10/turn               (no ring)

@: hasted, very quick
A: (nimble swimmer 2), mertail
a: no special abilities


You were on level 2 of the Dungeon.
You visited 1 branch of the dungeon, and saw 2 of its levels.

You collected 100 gold pieces.
You spent 54 gold pieces at shops.

Inventory:

Hand Weapons
 c - a +0 short sword
 d - a +0 spear
 i - a +4 dagger of holy wrath (weapon)
Armour
 a - a +0 robe (worn)
 k - a +0 cloak (worn)
Jewellery
 e - an amulet of reflection (around neck)
Scrolls
 j - a scroll of identify
Potions
 b - a potion of magic
 g - a potion of might {unknown}
 h - a potion of resistance {unknown}


   Skills:
 - Level 2.6 Dodging
 - Level 2.1 Stealth
 - Level 2.0 Spellcasting
 + Level 5.3 Summonings


You couldn't memorise any spells.
You knew the following spells:

 Your Spells              Type           Power      Damage    Failure   Level
a - Summon Small Mammal   Summ           72%        N/A       2%          1
b - Call Imp              Summ           18%        N/A       3%          2
c - Call Canine Familiar  Summ           18%        N/A       7%          3

Your spell library contained the following spells:

 Spells                   Type           Power      Damage    Failure   Level
 Apportation              Tloc           2%         N/A       21%         1
 Summon Guardian Golem    Hex/Summ       10%        N/A       22%         3
 Portal Projectile        Hex/Tloc       2%         N/A       52%         3
 Tukima's Dance           Hex            1%         N/A       52%         3
 Summon Lightning Spire   Summ/Air       10%        N/A       56%         4
 Alistair's Intoxication  Tmut/Pois      0%         N/A       99%         5
 Blade Hands              Tmut           0%         N/A       99%         5
 Fireball                 Conj/Fire      0%         3d3       99%         5
 Iskenderun's Battlesphe  Conj           1%         2d6       99%         5
 Conjure Ball Lightning   Conj/Air       0%         3x3d6     100%        6
 Orb of Destruction       Conj           0%         9d5       100%        7
 Spellforged Servitor     Conj/Summ      5%         N/A       100%        7


Dungeon Overview and Level Annotations

Branches:
Dungeon (2/15)

Altars:

Shops:
D:1 [

Annotations:
D:2 Robin


Innate Abilities, Weirdness & Mutations

((You are very nimble when in or above water. (Stealth+, EV+, Speed+++)))
Your lower body shifts to a powerful aquatic tail in water.


Message History

The goblin hits you but does no damage.
Robin roars a battlecry!
The goblins go into a battle-frenzy!
You closely miss the goblin. The goblin barely misses you.
The goblin hits you with a +0 dagger.
A goblin comes into view. It is wielding a +0 club.
You barely miss the goblin. The goblin hits you with a +0 dagger.
The goblin closely misses you.
You hit the goblin.
The goblin is severely wounded.
The goblin closely misses you. The goblin barely misses you.
You hit the goblin.
You kill the goblin!
The goblin misses you.
You hit Robin but do no damage. The goblin barely misses you.
Robin hits you with a +0 short sword.
You closely miss Robin. You block the goblin's attack. Robin barely misses you.
You hit Robin.
Robin is lightly wounded.
The goblin hits you with a +0 club. Robin hits you with a +0 short sword.
You hit Robin.
Robin is heavily wounded.
The goblin barely misses you. Robin throws the goblin at you!
The goblin barely misses you.
You hit Robin.
Robin is almost dead.
The goblin hits you with a +0 club.
A hobgoblin comes into view.
The goblin completely misses you.
You are too injured to fight recklessly!
You are too injured to fight recklessly!
You are too injured to fight recklessly!
You are too injured to fight recklessly!
You are too injured to fight recklessly!
You are too injured to fight recklessly!
Unknown command.
You feel yourself speed up. The goblin hits you with a +0 club.
* * * LOW HITPOINT WARNING * * *
You block the goblin's attack.
Robin zaps a wand.
The puff of flame hits you!
You die...

##...#####.###.#...####.
......................'.
#...##.##.###.....####.
# #.##.........# ##
#.##<####.##.# #
#.##.........#
#.#######.#### #g# #.#
#@# #.#


#gggggg# #.# ##.##### #.# #.. #.. ###. .... ###. You could see Robin, 2
hobgoblins and 4 goblins.

Vanquished Creatures
  Jessica (D:2)
  A ball python (D:1)
  3 endoplasms
  3 goblins
  3 hobgoblins
  A spectral goblin (D:1)
12 creatures vanquished.

Vanquished Creatures (collateral kills)
  2 hobgoblins
  A quokka (D:2)
  A ball python (D:1)
  A frilled lizard (D:1)
5 creatures vanquished.

Grand Total: 17 creatures vanquished

Notes
Turn   | Place    | Note
-------+----------+-------------------------------------------
     0 | D:1      | Icepheonix32 the Merfolk Summoner began the quest for the
                  | Orb.
     0 | D:1      | Reached XP level 1. HP: 13/13 MP: 3/3
   214 | D:1      | Found Yntannuo's Armour Shoppe.
   672 | D:1      | Found a faded altar of an unknown god.
   682 | D:1      | Reached XP level 2. HP: 19/19 MP: 5/5
   685 | D:1      | Learned a level 2 spell: Call Imp
  1264 | D:1      | Bought a +0 cloak for 54 gold pieces
  1499 | D:2      | Noticed Jessica
  1505 | D:2      | Killed Jessica
  1506 | D:2      | Reached skill level 5 in Summonings
  1506 | D:2      | Reached XP level 3. HP: 24/24 MP: 3/6
  1510 | D:2      | Learned a level 3 spell: Call Canine Familiar
  1654 | D:2      | Noticed Robin
  1665 | D:2      | Killed from afar by Robin

Illustrated notes

Levels and vault maps discovered:
D:1:      dpeg_arrival_shrine, layout_basic,
          dreamdust_ecumenical_altar_drowned_temple, serial_shops, shop_statue
D:2:      layout_loops_corners, minmay_tetromino_t4, uniq_terence, uniq_robin,
          uniq_jessica

Skill      XL: |  1  2 |
---------------+-------+-----
Summonings     | 5 |  5.3
Dodging        | |  2.6
Stealth        | |  2.1
Spellcasting   | |  2.0

Action                   || total
-------------------------++-------
Melee: Short sword       ||    19
       Spear             ||     7
       Punch             ||     1
       Dagger            ||    21
 Cast: Summon Small Mamm ||     7
       Call Imp          ||     5
  Use: Scroll            ||     2
       Potion            ||     1
 Stab: Sleeping          ||     3
Armor: Robe              ||     8
Dodge: Dodged            ||    40
Block: Other             ||     5
